 Dungeon Crawl Stone Soup version 0.24.0-123-gd5b16e6ec5 (webtiles) character file.

Game seed: 10653664167650218681, levelgen mode: deterministic

44 FishyPogo the Charmwright (level 3, -1/31 HPs)
             Began as a Gnoll Skald on Jan 25, 2020.
             Slain by a leopard gecko (5 damage)
             ... on level 3 of the Dungeon.
             The game lasted 00:02:01 (861 turns).

FishyPogo the Charmwright (Gnoll Skald)              Turns: 861, Time: 00:02:02

Health: -1/31      AC:  3    Str: 14    XL:     3   Next: 62%
Magic:  1/9        EV: 14    Int: 15    God:
Gold:   77         SH:  0    Dex: 14    Spells: 4/12 levels left

rFire    . . .     SeeInvis .   a - +0 hand axe
rCold    . . .     Gourm    .   (no shield)
rNeg     . . .     Faith    .   b - +0 leather armour
rPois    .         Spirit   .   (no helmet)
rElec    .         Reflect  .   (no cloak)
rCorr    .         Harm     .   (no gloves)
MR       .....                  (no boots)
Stlth    +.........             (no amulet)
HPRegen  1.10/turn              (no ring)
MPRegen  0.11/turn              (no ring)

@: lethally poisoned (-1 -> -1), infused, very slightly contaminated,
regenerating
A: distributed training, fangs 1, strong nose
a: no special abilities


You were on level 3 of the Dungeon.
You were not hungry.

You visited 1 branch of the dungeon, and saw 3 of its levels.

You collected 77 gold pieces.

Inventory:

Hand Weapons
 a - a +0 hand axe (weapon)
Missiles
 c - 19 poisoned darts
 e - 7 curare-tipped darts (quivered)
 g - 96 stones
 h - 2 throwing nets
Armour
 b - a +0 leather armour (worn)
Jewellery
 i - an uncursed amulet of rage {unknown}
Scrolls
 k - a scroll of teleportation {unknown}
 l - a scroll of magic mapping {unknown}
Potions
 f - a potion of curing {unknown}
 j - a potion of ambrosia {unknown}
 m - a potion of lignification {unknown}
Comestibles
 d - 4 rations
 n - 8 chunks of flesh


   Skills:
 + Level 4.5 Fighting
 + Level 0.8 Short Blades
 + Level 0.8 Long Blades
 + Level 4.5 Axes
 + Level 0.8 Maces & Flails
 + Level 0.8 Polearms
 + Level 0.8 Staves
 + Level 0.8 Slings
 + Level 0.8 Bows
 + Level 0.8 Crossbows
 + Level 0.8 Throwing
 + Level 2.6 Armour
 + Level 4.5 Dodging
 + Level 0.8 Stealth
 + Level 0.8 Shields
 + Level 0.8 Unarmed Combat
 + Level 5.0 Spellcasting
 + Level 0.5 Conjurations
 + Level 0.5 Hexes
 + Level 5.4 Charms
 + Level 0.5 Summonings
 + Level 0.5 Necromancy
 + Level 0.5 Translocations
 + Level 0.5 Transmutations
 + Level 0.5 Fire Magic
 + Level 0.5 Ice Magic
 + Level 0.5 Air Magic
 + Level 0.5 Earth Magic
 + Level 0.5 Poison Magic
 + Level 1.0 Invocations
 + Level 0.8 Evocations


You had 4 spell levels left.
You knew the following spells:

 Your Spells              Type           Power        Failure   Level  Hunger
a - Regeneration          Chrm/Necr      ##........   17%         3    ###....
p - Shroud of Golubria    Chrm/Tloc      ##....       9%          2    ##.....
u - Song of Slaying       Chrm           ###.....     3%          2    ##.....
y - Infusion              Chrm           ###.         2%          1    None

Your spell library contained the following spells:

 Spells                   Type           Power        Failure   Level  Hunger
 Spectral Weapon          Hex/Chrm       ##......     17%         3    ###....


Dungeon Overview and Level Annotations

Branches:
Dungeon (3/15)

Altars:

Annotations:
D:2 Terence


Innate Abilities, Weirdness & Mutations

Your experience applies equally to all skills.
You have very sharp teeth.
Your uncanny sense of smell can sniff out nearby items.


Message History

You feel sick.
Memorise Regeneration, consuming 3 spell levels and leaving 4?
* * * LOW HITPOINT WARNING * * *
You feel sick.
You start memorising the spell.
You continue memorising. x2
Your shroud unravels.
You continue memorising.
* * * LOW HITPOINT WARNING * * *
You feel sick. The leopard gecko barely misses you.
You finish memorising.
Spell assigned to 'a'.
Casting: Infusion (safe; 2% risk of failure)
Confirm with . or Enter, or press ? or * to list all spells.
You miscast Regeneration.
You are very lightly contaminated with residual magic.
Your bones ache.
The leopard gecko misses you.
The leopard gecko bites you but does no damage.
Casting: Regeneration (safe; 17% risk of failure)
Confirm with . or Enter, or press ? or * to list all spells.
Your skin crawls.
The leopard gecko bites you.
You die...

#........ ###
#r....... ...
#.#b.....
###.#+#.#.... ∆
...........
..?......# .......†.#
###.#.#.#############
# #bl@..........
####........#
#........# #........#
#........# #........#
#........#
#######.#.#
........#.###


You could see a leopard gecko and a bat.

Vanquished Creatures
  An adder (D:3)
  7 bats
  3 giant cockroaches
  6 goblins
  5 hobgoblins
  2 kobolds
  3 frilled lizards
  6 rats
33 creatures vanquished.

Notes
Turn   | Place    | Note
-------+----------+-------------------------------------------
     0 | D:1      | FishyPogo the Gnoll Skald began the quest for the Orb.
     0 | D:1      | Reached XP level 1. HP: 20/20 MP: 6/6
    86 | D:1      | Reached XP level 2. HP: 23/26 MP: 7/7
   105 | D:1      | Learned a level 2 spell: Song of Slaying
   108 | D:1      | Learned a level 2 spell: Shroud of Golubria
   570 | D:1      | Reached XP level 3. HP: 29/31 MP: 9/9
   647 | D:2      | Reached skill level 5 in Spellcasting
   750 | D:2      | Noticed Terence
   851 | D:3      | Reached skill level 1 in Invocations
   860 | D:3      | Learned a level 3 spell: Regeneration
   861 | D:3      | Slain by a leopard gecko

Levels and vault maps discovered:
D:1:      sevenhm_arrival_forest_fort_small_6, layout_basic
D:2:      layout_basic, st_stairs_5, tgw_trog, uniq_terence
D:3:      layout_basic, first_ration, minmay_guardbox

Skill      XL: |  1  2  3 |
---------------+----------+-----
Spellcasting   | 5 |  5.0
Invocations    | 1 |  1.0
Fighting       | |  4.5
Short Blades   | |  0.8
Long Blades    | |  0.8
Axes           | |  4.5
Maces & Flails | |  0.8
Polearms       | |  0.8
Staves         | |  0.8
Slings         | |  0.8
Bows           | |  0.8
Crossbows      | |  0.8
Throwing       | |  0.8
Armour         | |  2.6
Dodging        | |  4.5
Stealth        | |  0.8
Shields        | |  0.8
Unarmed Combat | |  0.8
Conjurations   | |  0.5
Hexes          | |  0.5
Charms         | |  5.4
Summonings     | |  0.5
Necromancy     | |  0.5
Translocations | |  0.5
Transmutations | |  0.5
Fire Magic     | |  0.5
Ice Magic      | |  0.5
Air Magic      | |  0.5
Earth Magic    | |  0.5
Poison Magic   | |  0.5
Evocations     | |  0.8

Action                   || total
-------------------------++-------
Melee: Hand axe          ||   113
       Bite              ||     7
       Punch             ||     1
 Cast: Regeneration      ||     1
       Shroud of Golubri ||     1
       Infusion          ||     1
Armor: Leather armour    ||    31
Dodge: Dodged            ||   112
